 Dungeon Crawl Stone Soup version 0.16.1-51-g6203257 (webtiles) character file.

322 Miyamura the Chucker (level 6, 0/59 HPs)
             Began as a Troll Hunter on Aug 7, 2015.
             Slain by a centaur (3 damage)
             ... on level 4 of the Dungeon.
             The game lasted 00:09:27 (2909 turns).

Miyamura the Chucker (Troll Hunter)                 Turns: 2909, Time: 00:09:27

Health: 0/59       AC:  6    Str: 23    XL:     6   Next: 22%
Magic:  3/3        EV:  8    Int:  7    God:
Gold:   180        SH:  8    Dex: 10    Spells: 0 memorised, 5 levels left

rFire  . . .     SeeInvis .       - Unarmed
rCold  + . .     Clarity  .     d - +0 robe
rNeg   . . .     SustAb   .     l - +0 shield
rPois  .         Gourm    +     (helmet restricted)
rElec  .         Spirit   .     o - +0 cloak (curse)
rCorr  .         Warding  .     (gloves unavailable)
rMut   .         Stasis   .     (boots unavailable)
MR     .....                    (no amulet)
Stlth  ..........               t - ring of protection from cold
                                s - ring of loudness (curse)

@: not resistant to hostile enchantments, extremely unstealthy
A: unfitting armour, claws 3, fast metabolism 3, gourmand, regeneration 2,
shaggy fur 1, tough skin 2
a: no special abilities


You were on level 4 of the Dungeon.
You were very full.

You visited 1 branch of the dungeon, and saw 4 of its levels.

You collected 180 gold pieces.

Inventory:

Hand weapons
 q - a +0 flail
Missiles
 b - 5 large rocks (quivered)
 c - 2 throwing nets
Armour
 d - a +0 robe (worn)
 l - a +0 shield (worn)
 o - a cursed +0 cloak (worn)
Jewellery
 s - a cursed ring of loudness (left claw)
 t - a ring of protection from cold (right claw)
Scrolls
 a - 2 scrolls of enchant weapon
 k - a scroll of blinking {!r}
 p - a scroll of teleportation
Potions
 e - a potion of invisibility
 h - a potion of flight
 i - 2 potions of brilliance
 j - 2 potions of curing
 m - a potion of agility
 n - a potion of ambrosia
Comestibles
 f - 4 meat rations
 g - 4 bread rations


   Skills:
 + Level 2.9 Fighting
 + Level 4.3 Throwing
 + Level 2.8 Dodging
 - Level 0.4 Stealth
 + Level 1.8 Shields
 + Level 2.6 Unarmed Combat


You had 5 spell levels left.
You didn't know any spells.

Dungeon Overview and Level Annotations

Branches:
Dungeon (4/15)
 Temple: D:4-7

Altars:
Dithmenos
Kikubaaqudgha
Okawaru


Innate Abilities, Weirdness & Mutations

You are too large for most types of armour.
You have claws for hands.
Your metabolism is lightning-fast.
You like to eat raw meat.
You heal very quickly.
You are covered in fur (AC +1).
You have very tough skin (AC +2).


Message History

The centaur unwields an uncursed shortbow.
The centaur hits you!
Your shield prevents you from hitting the centaur.
The centaur hits you! The centaur hits you.
You barely miss the centaur. The centaur hits you.
You claw the centaur!
The centaur begins to bleed from its wounds!
The centaur is heavily wounded.
The centaur hits you. You block the centaur's attack.
You scratch the centaur.
The centaur is heavily wounded.
The centaur hits you!
* * * LOW HITPOINT WARNING * * *
You are too injured to fight recklessly!
You scratch the centaur but do no damage.
The centaur is heavily wounded.
The centaur hits you!
* * * LOW HITPOINT WARNING * * *
The centaur hits you.
You die...

P..PP.P..##.......>
.PPP...### #......
....#..# #.... ..#..##
#..# .....## ###.#
.#.....# ##..(##
...###..####...((# ...#
#......###(#####..#
##.# ###..###
#@.......# #..# ###.##
#.c...##..#
#.###...###.........#
#............#...#....
###..###....###..####..
##....####.### #..#
.......# .# #.[#
#.##........ #..#
..##..#..##.. #..


You could see a centaur (bleeding).

Vanquished Creatures
  A scorpion (D:4)
  3 vampire bats (D:3)
  An orc wizard (D:3)
  5 adders
  2 giant geckos
  An ooze (D:2)
  8 orcs
  7 bats
  3 bat skeletons
  3 bat zombies (D:3)
  2 giant cockroaches (D:3)
  8 goblins
  4 hobgoblins
  6 giant newts
  7 kobolds
  4 rats
65 creatures vanquished.

Notes
Turn   | Place    | Note
--------------------------------------------------------------
     0 | D:1      | Miyamura, the Troll Hunter, began the quest for the Orb.
     0 | D:1      | Reached XP level 1. HP: 19/19 MP: 1/1
  1019 | D:2      | Reached XP level 2. HP: 28/28 MP: 1/1
  1100 | D:2      | Reached skill level 1 in Unarmed Combat
  1212 | D:2      | Found a shadowy altar of Dithmenos.
  1459 | D:2      | Reached XP level 3. HP: 22/35 MP: 2/2
  1573 | D:2      | Found an iron altar of Okawaru.
  1963 | D:3      | HP: 1/35 [orc/flail (6)]
  2177 | D:3      | Reached XP level 4. HP: 42/42 MP: 2/2
  2504 | D:3      | Found an ancient bone altar of Kikubaaqudgha.
  2506 | D:3      | Reached skill level 4 in Throwing
  2506 | D:3      | Reached skill level 1 in Shields
  2506 | D:3      | Reached XP level 5. HP: 46/50 MP: 2/2
  2710 | D:4      | Reached XP level 6. HP: 54/59 MP: 3/3
  2900 | D:4      | Noticed a centaur
  2909 | D:4      | Slain by a centaur

Action                   |  1- 3 |  4- 6 || total
-------------------------+-------+-------++-------
Melee: Unarmed           |   145 |   112 ||   257
  Use: Scroll            |    11 |     2 ||    13
 Stab: Distracted        |     1 |       ||     1
  Eat: Chunk             |    18 |     9 ||    27
       Meat ration       |     1 |       ||     1
